 Dungeon Crawl Stone Soup version 0.31-a0-750-gfe7b580527 (webtiles) character file.

Game seed: 9138245040463626181

70 Dittersdorf the Trooper (level 4, -3/40 HPs)
             Began as a Draconian Fighter on Sept 14, 2023.
             Succumbed to Sigmund's poison
             ... on level 2 of the Dungeon.
             The game lasted 00:01:20 (1169 turns).

Dittersdorf the Trooper (Draconian Fighter)         Turns: 1169, Time: 00:01:21

Health: -3/40      AC:  6    Str: 20    XL:     4   Next: 4%
Magic:  4/4        EV: 12    Int:  8    God:
Gold:   71         SH:  4    Dex: 11    Spells: 3/3 levels left

rFire   . . .        a - +0 long sword
rCold   . . .        b - +0 buckler
rNeg    . . .        (body armour unavailable)
rPois   .            (helmet restricted)
rElec   .            (no cloak)
rCorr   .            d - +0 pair of gloves
SInv    .            (no boots)
Will    .....        m - amulet of faith
Stlth   +            (no ring)
HPRegen 0.26/turn    (no ring)
MPRegen 0.09/turn

%: faith
@: mighty, lethally poisoned (-3 -> -22)
A: AC +5, unfitting armour, cold-blooded
a: no special abilities


You were on level 2 of the Dungeon.
You visited 1 branch of the dungeon, and saw 2 of its levels.

You collected 71 gold pieces.

Inventory:

Hand Weapons
 a - a +0 long sword (weapon)
Armour
 b - a +0 buckler (worn)
 d - a +0 pair of gloves (worn)
Jewellery
 m - an amulet of faith (around neck)
Wands
 n - a wand of roots (10)
Scrolls
 e - 3 scrolls of amnesia {unknown}
 g - a scroll of fear {unknown}
 i - a scroll of identify {unknown}
 l - a scroll of enchant armour {unknown}
Potions
 f - a potion of curing {unknown}
 h - a potion of haste {unknown}
 j - 2 potions of attraction {unknown}
 k - a potion of magic {unknown}


   Skills:
 + Level 3.9 Fighting
 + Level 2.7 Long Blades
 + Level 3.2 Dodging
 + Level 3.5 Shields


You had 3 spell levels left.
You didn't know any spells.
Your spell library contained the following spells:

 Spells                   Type           Power      Damage    Failure   Level
 Sandblast                Erth           0%         2d4       47%         1
 Passwall                 Tmut/Erth      0%         N/A       63%         2
 Stone Arrow              Conj/Erth      0%         3d7       85%         3


Dungeon Overview and Level Annotations

Branches:
Dungeon (2/15)

Altars:

Annotations:
D:2 Sigmund


Innate Abilities, Weirdness & Mutations

Your plain brown scales are hard. (AC +5)
You cannot fit into any form of body armour.
You are cold-blooded and may be slowed by cold attacks.


Message History

You hit the ball python.
You kill the ball python!
Sigmund is suddenly surrounded by pale red light.
You block Sigmund's attack.
You barely miss Sigmund. Sigmund barely misses you.
You closely miss Sigmund.
Sigmund hits you with a +1 scythe of venom!
You are poisoned.
You are too injured to fight recklessly!
You are too injured to fight recklessly!
You are too injured to fight recklessly!
You are too injured to fight recklessly!
You are too injured to fight recklessly!
You are too injured to fight recklessly!
You are too injured to fight recklessly!
You are too injured to fight recklessly!
You are too injured to fight recklessly!
You are too injured to fight recklessly!
You are too injured to fight recklessly!
You are too injured to fight recklessly!
You are too injured to fight recklessly!
You are too injured to fight recklessly!
You are too injured to fight recklessly!
You feel very mighty all of a sudden.
You feel very sick. Sigmund barely misses you.
You completely miss Sigmund.
* * * LOW HITPOINT WARNING * * *
You feel very sick. Sigmund misses you.
You slash Sigmund!
Sigmund is heavily wounded.
* * * LOW HITPOINT WARNING * * *
You feel sick.
Sigmund hits you with a +1 scythe of venom.
* * * LOW HITPOINT WARNING * * *
You are more poisoned.
You closely miss Sigmund.
Sigmund is heavily wounded.
You die...

....#..........#########
##.............'........
...............######...
...............####.....
........................
.....#######............ #....#
#............ .....#
###.......##...
##.#.####.......@..# .
.................@.# #. ##
...#.###...........# #.#..
...#.###...........# #+## #.#.#
#..#.##............# ..... #.#.#
...#.##..#.#'####### ..... #.#.#
.....##..#.#.# #.......#.#.#
..#####..#.#.########.......#.#..
....###...............#......†..#


You could see Sigmund.

Vanquished Creatures
  4 adders (D:2)
  2 dart slugs
  3 goblins
  A hobgoblin (D:2)
  4 jackals (D:1)
  4 kobolds
  3 quokkas (D:1)
  2 ball pythons
  2 bats (D:1)
  6 frilled lizards
  2 rats (D:1)
33 creatures vanquished.

Notes
Turn   | Place    | Note
-------+----------+-------------------------------------------
     0 | D:1      | Dittersdorf the Draconian Fighter began the quest for the
                  | Orb.
     0 | D:1      | Reached XP level 1. HP: 19/19 MP: 1/1
   112 | D:1      | Reached XP level 2. HP: 13/26 MP: 2/2
   838 | D:2      | Reached XP level 3. HP: 26/33 MP: 3/3
   960 | D:2      | Reached XP level 4. HP: 14/40 MP: 4/4
  1158 | D:2      | Noticed Sigmund
  1168 | D:2      | HP: 2/40 [Sigmund/+1 scythe of venom (6)]
  1169 | D:2      | Succumbed to Sigmund's poison

Illustrated notes

Levels and vault maps discovered:
D:1:      orjb1_lava_funnel, layout_basic
D:2:      layout_basic, uniq_crazy_yiuf_cottage, uniq_sigmund

Skill      XL: |  1  2 |
---------------+-------+-----
Dodging        | 3 |  3.2
Fighting       | |  3.9
Long Blades    | |  2.7
Shields        | |  3.5

Action                     |  1- 3 |  4- 6 || total
---------------------------+-------+-------++-------
  Melee: Long sword        |   103 |     7 ||   110
         Tailslap          |     6 |       ||     6
    Use: Potion            |       |     1 ||     1
   Stab: Sleeping          |     1 |       ||     1
 Armour: Skin              |    57 |     4 ||    61
  Dodge: Dodged            |    90 |     5 ||    95
  Block: Buckler           |    27 |     3 ||    30

Table legend: (Time is in decaauts)
 A = Elapsed time spent in this place.
 B = Non-inter-level travel time spent in this place.
 C = Inter-level travel time spent in this place.
 D = Time resting spent in this place.
 E = Time spent auto-exploring this place.
 F = Levels seen in this place.
 G = Mean time per level.
                   A        B        C        D        E       F      G
               +--------+--------+--------+--------+--------+-----+--------+
         Total |   1203 |   1138 |     65 |     98 |    784 |   2 |  601.5 |
       Dungeon |   1203 |   1138 |     65 |     98 |    784 |   2 |  601.5 |
               +--------+--------+--------+--------+--------+-----+--------+

Top non-repeatable levels by time:
     D:1: 838 daAuts
     D:2: 365 daAuts
